 Dungeon Crawl Stone Soup version 0.20-a0-2-g2b0e13a (webtiles) character file.

202048 TheGoonsmith the Severer (level 19, -2/160 HPs)
             Began as a Hill Orc Fire Elementalist on Oct 29, 2016.
             Was the Champion of Cheibriados.
             Slain by Asterion
             ... wielding a +4 vampiric broad axe
              (8 damage)
             ... on level 4 of the Snake Pit on Oct 30, 2016.
             The game lasted 01:57:46 (46582 turns).

TheGoonsmith the Severer (HOFE)                    Turns: 46582, Time: 01:57:48

Health: -2/160     AC: 27    Str: 31    XL:     19   Next: 1%
Magic:  6/33       EV: 16    Int: 37    God:    Cheibriados [******]
Gold:   463        SH:  0    Dex: 30    Spells: 6 memorised, 15 levels left

rFire  + . .     SeeInvis +     Q - +7 battleaxe (protect)
rCold  . . .     Gourm    .     B - +5 chain mail "Lebymok" {Str+3 Dex+3 SInv Stlth-}
rNeg   . . .     Faith    .     (shield currently unavailable)
rPois  +         Spirit   .     b - +2 helmet
rElec  .         Reflect  .     n - +1 cloak {rPois}
rCorr  .         Harm     .     q - +2 pair of gloves
MR     ++...                    (no boots)
Stlth  ..........               u - amulet "Deufa" {RegenMP +Fly}
                                t - ring of protection from magic
                                m - ring of fire

@: very slightly contaminated, very slow
A: clever 1, cold resistance 1
a: Bend Time, Temporal Distortion, Slouch, Step From Time, Renounce Religion,
Evoke Flight


You were on level 4 of the Snake Pit.
You worshipped Cheibriados.
Cheibriados was exalted by your worship.
You were not hungry.

You visited 4 branches of the dungeon, and saw 27 of its levels.
You also visited: Ossuary and Ice Cave.

You collected 3134 gold pieces.
You spent 2671 gold pieces at shops.

Inventory:

Hand Weapons
 E - the cursed +14 obsidian axe {chop, +Fly SInv *Curse}
   (You found it in an ice cave)

   It inflicts extra damage upon your enemies.
   It lets you see invisible.
   It lets you fly.
   It may re-curse itself when equipped.
   It has a curse placed upon it.
 Q - a +7 battleaxe of protection (weapon)
Armour
 b - a +2 helmet (worn)
 n - a +1 cloak of poison resistance (worn)
 q - a +2 pair of gloves (worn)
 z - a +1 chain mail of cold resistance
 B - the +5 chain mail "Lebymok" (worn) {Str+3 Dex+3 SInv Stlth-}
   (You found it on level 7 of the Dungeon)

   It affects your strength (+3).
   It affects your dexterity (+3).
   It lets you see invisible.
   It makes you less stealthy.
 P - +0 ice dragon scales
Magical Staves
 y - an uncursed staff of wizardry
Jewellery
 k - an uncursed ring of poison resistance
 m - a ring of fire (left hand)
 s - the ring of Gaxuown {+Fly Str+4}
   (You found it in an ice cave)

   [ring of strength]

   It affects your strength (+4).
   It lets you fly.
 t - a ring of protection from magic (right hand)
 u - the amulet "Deufa" (around neck) {RegenMP +Fly}
   (You acquired it on level 6 of the Lair of Beasts)

   [amulet of magic regeneration]

   It increases your magic regeneration.
   It lets you fly.
 Y - an uncursed ring of protection from fire
Wands
 h - a wand of disintegration (4/24)
 i - a wand of disintegration (20/24)
 w - a wand of lightning (6/15)
 x - a wand of lightning (4/15)
 G - a wand of paralysis (6/24)
 K - a wand of paralysis (12/24)
 L - a wand of paralysis (23/24)
 M - a wand of iceblast (2/15)
 R - a wand of polymorph (2/24)
 S - a wand of slowing (31/48)
Scrolls
 a - 4 scrolls of teleportation
 o - 10 scrolls of remove curse
 p - 3 scrolls of magic mapping
 r - 10 scrolls of identify
 C - a scroll of silence
 F - 3 scrolls of fear
 I - a scroll of fog
 O - 4 scrolls of blinking
 T - 2 scrolls of recharging
 V - a scroll of amnesia
Potions
 f - 6 potions of flight
 g - 4 potions of curing
 j - 2 potions of resistance
 l - 3 potions of might
 v - 7 potions of agility
 A - 5 potions of invisibility
 D - a potion of ambrosia
 H - 3 potions of brilliance
 Z - 2 potions of magic
Books
 W - a book of Minor Magic

   Spells                             Type                      Level
   a - Magic Dart                     Conjuration                  1
   b - Blink                          Translocation                2
   c - Call Imp                       Summoning                    2
   d - Repel Missiles                 Charms/Air                   2
   e - Slow                           Hexes                        2
   f - Conjure Flame                  Conjuration/Fire             3
   g - Mephitic Cloud                 Conjuration/Poison/Air       3
Miscellaneous
 J - 2 boxes of beasts
 U - a sack of spiders
Comestibles
 c - 15 bread rations
 d - 43 fruits
 e - 6 chunks of flesh
 N - 3 meat rations
 X - a slice of pizza


   Skills:
 - Level 12.1 Fighting
 - Level 20.0 Axes
 + Level 13.1 Armour
 - Level 7.0 Dodging
 - Level 1.5 Stealth
 - Level 10.0 Spellcasting
 - Level 9.6 Conjurations
 - Level 13.2 Summonings
 - Level 10.6 Fire Magic
 - Level 12.0 Invocations


You had 15 spell levels left.
You knew the following spells:

 Your Spells              Type           Power        Failure   Level  Hunger
a - Flame Tongue          Conj/Fire      #####        1%          1    None
b - Shadow Creatures      Summ           N/A          6%          6    ####...
c - Conjure Flame         Conj/Fire      #######.     1%          3    None
f - Fireball              Conj/Fire      #######...   3%          5    ##.....
s - Sticky Flame          Conj/Fire      #######.     1%          4    None
x - Iskenderun's Mystic   Conj           ######..     1%          4    None


Dungeon Overview and Level Annotations

Branches:
Dungeon (15/15)            Temple (0/1) D:4            Lair (6/6) D:8
 Shoals (0/4) Lair:2        Snake (4/4) Lair:2        Slime (0/5) Lair:5
    Orc (2/2) D:9             Elf (0/3) Orc:2        Vaults (0/5) D:13
 Depths (0/5) D:15

Altars:
Ashenzari
Cheibriados
Kikubaaqudgha
Makhleb
Ru
Trog
Vehumet
Yredelemnul
Beogh
Jiyva

Shops:
D:6 !   D:8 }   D:15 ?   Orc:2 **:?   Snake:1 =   Snake:2 (

Annotations:
D:8 exclusion: statue
Snake:4 Asterion


Innate Abilities, Weirdness & Mutations

Your mind is acute. (Int +2)
Your flesh is cold resistant. (rC+)


Message History

The floor, spattered with blood.
The cacodemon gestures at you. You resist with almost no effort.
Things that are here:
a robe; a trident Asterion mumbles some strange prayers to Makhleb.
Asterion seems to speed up.
The cacodemon gestures next to you.
Some rock shatters into small pieces.
Asterion prays to Makhleb.
The cacodemon hits you but does no damage.
The cacodemon barely misses you.
You see here an arrow.
Asterion conjures a destructive force in the name of Makhleb!
The orb of electricity explodes!
The orb of electricity engulfs you!
* * * LOW HITPOINT WARNING * * *
The orb of electricity engulfs Asterion.
The orb of electricity engulfs the cacodemon.
The cacodemon resists.
Asterion misses you. Asterion gores you!
You die...

... #.≈§§§####≈.≈...[.##<#
...##.≈.≈§§##§§$≈≈###.##.#
........≈...§§≈§≈§# #.#
#.....§.≈§§.≈#.)≈.≈## #.#
#.....≈.......#[#......
..#
#.....≈...§[..#.#######
### #....(§.§.≈...#.#
#.....#.§)≈≈≈##.#
....÷#§§.H@.))[### #.
#)#.##..2####)..# #...
#..([.[.## #)).#
#....###[##### #<..#
#.....)÷(.# #.(.#
##...#÷)H.# ##§§≈#
###......# ≈≈§≈# #.##...#
≈§≈≈≈# ... ..).≈ ≈≈≈≈§≈#


You could see Asterion and a cacodemon.

Vanquished Creatures
  Agnes (D:14)
  Kirke (Snake:4)
  6 nagarajas
  The ghost of PurpleRed the Severer, a journeyman MiBe of Trog (Orc:2)
  2 very ugly things (IceCv)
  Nessos (D:13)
  A slime creature (D:12)
  The ghost of PurpleRed the Severer, a journeyman MiFi of Makhleb (D:13)
  The ghost of PurpleRed the Severer, a journeyman MiFi of Makhleb (D:12)
  The ghost of Softman25 the Spear-Bearer, a journeyman MfGl of Okawaru (D:13)
  A fire dragon (D:15)
  The ghost of Killer1 the Impaler, a journeyman MiBe of Trog (D:13)
  An ice dragon (Lair:6)
  11 hydras
  A rakshasa (D:14)
  17 anacondas
  3 centaur warriors
  17 naga warriors
  4 catoblepae
  Erica (D:11)
  A death knight (D:15)
  Urug (Orc:1)
  14 death yaks
  2 tengu warriors (D:13)
  5 shock serpents
  18 naga sharpshooters
  An orc high priest (Orc:1)
  Sonja (Lair:3)
  2 salamander mystics
  2 unseen horrors
  A wizard (D:15)
  7 naga ritualists
  6 hill giants
  2 wolf spider zombies (D:15)
  3 lindwurms (Lair:6)
  7 orc knights
  11 mana vipers
  3 deep elf magi
  3 orc sorcerers
  A necromancer (D:15)
  3 manticores
  18 ugly things
  6 cyclopes
  21 elephants
  9 salamanders
  5 ice statues (IceCv)
  3 centaur zombies
  6 guardian serpents
  Psyche (D:9)
  20 naga magi
  38 black mambas
  7 torpor snails (Lair:6)
  7 gargoyles
  A centaur skeleton (D:10)
  16 spiny frogs
  3 freezing wraiths (Snake:3)
  5 rime drakes
  2 anaconda simulacra (IceCv)
  A tengu conjurer (D:12)
  12 komodo dragons
  A merfolk (Lair:2)
  A golden dragon simulacrum (IceCv)
  3 polar bears
  2 two-headed ogres
  3 tyrant leeches (Lair:6)
  10 trolls
  8 hornets
  27 blink frogs
  Grinder (D:3)
  12 hippogriffs
  A meliai zombie (D:15)
  11 dream sheep
  72 yaks
  2 dire elephant simulacra (IceCv)
  A vampire (D:10)
  A wraith (D:10)
  A shadow (D:14)
  4 wyverns
  Grum (D:9)
  16 humans (D:13)
  2 hungry ghosts
  4 basilisks
  11 vampire mosquitoes
  A warg (Orc:1)
  A mottled dragon (D:13)
  2 iron troll simulacra (IceCv)
  Edmund (D:5)
  Duvessa (D:4)
  51 nagas
  17 water moccasins
  2 hydra simulacra (IceCv)
  11 porcupines
  2 hell hounds (D:8)
  20 ice beasts
  43 orc warriors
  2 eyes of draining (D:5)
  2 black bears
  5 sky beasts
  5 phantoms
  15 ogres
  3 necrophages
  20 centaurs
  7 wolves
  11 crocodiles
  3 big kobolds
  A wyvern zombie (D:14)
  24 bullfrogs
  Dowan (D:4)
  5 water moccasin zombies (Ossuary)
  5 scorpions
  A water moccasin skeleton (D:4)
  21 killer bees
  23 wights
  3 howler monkeys (D:11)
  An electric eel (Lair:2)
  A bullfrog zombie (D:12)
  8 crimson imps
  A lava snake (Snake:4)
  7 jellies
  11 hounds
  24 orc priests
  A gnoll shaman (D:7)
  Crazy Yiuf (D:2)
  20 orc wizards
  Jessica (D:2)
  5 iguanas
  Natasha (thrice) (D:2)
  7 bullfrog skeletons
  18 worker ants
  3 killer bee zombies
  5 big kobold zombies (Ossuary)
  A hound zombie (D:6)
  2 mummies (Ossuary)
  A howler monkey skeleton (D:8)
  7 gnolls
  17 adders
  A river rat (Lair:6)
  2 shadow imps
  2 oozes
  7 adder zombies
  An adder skeleton (D:7)
  3 worms
  5 dart slugs
  4 leopard geckos
  98 orcs
  A bat zombie (D:7)
  8 giant cockroaches
  7 gnoll zombies (Ossuary)
  13 goblins
  4 hobgoblins
  14 jackals
  23 kobolds
  4 quokkas
  2 ball pythons
  10 bats
  3 frilled lizards
  A hobgoblin zombie (Ossuary)
  A jackal skeleton (D:5)
  4 kobold zombies (Ossuary)
  A leopard gecko skeleton (D:7)
  2 orc zombies (Ossuary)
  6 rats
  A rat zombie (D:7)
  3 fungi (Lair:6)
  3 plants
1231 creatures vanquished.

Vanquished Creatures (others)
  A hill giant (D:13)
  3 humans (Snake:4)
  34 fungi
  41 plants
79 creatures vanquished.

Grand Total: 1310 creatures vanquished

Notes
Turn   | Place    | Note
-------+----------+-------------------------------------------
     0 | D:1      | TheGoonsmith the Hill Orc Fire Elementalist began the quest for the Orb.
     0 | D:1      | Reached XP level 1. HP: 14/14 MP: 3/3
   349 | D:1      | Reached XP level 2. HP: 12/20 MP: 0/4
  1155 | D:1      | Reached XP level 3. HP: 26/26 MP: 1/5
  1655 | D:2      | Noticed Natasha
  1968 | D:2      | Killed Natasha
  1968 | D:2      | Reached XP level 4. HP: 29/33 MP: 1/7
  2048 | D:2      | Noticed Jessica
  2067 | D:2      | Killed Jessica
  2204 | D:2      | Found a runed door.
  2281 | D:2      | Reached XP level 5. HP: 16/38 MP: 1/8
  2333 | D:2      | Noticed Natasha
  2556 | D:1      | Learned a level 3 spell: Conjure Flame
  2561 | D:1      | Learned a level 4 spell: Sticky Flame
  2565 | D:2      | Killed Natasha
  2971 | D:2      | Noticed Natasha
  2979 | D:2      | Killed Natasha
  3073 | D:2      | Noticed Crazy Yiuf
  3079 | D:2      | Killed Crazy Yiuf
  3218 | D:2      | Reached XP level 6. HP: 41/45 MP: 1/9
  4184 | D:3      | Noticed Grinder
  4191 | D:3      | Killed Grinder
  4191 | D:3      | Reached skill level 5 in Fire Magic
  4191 | D:3      | Reached XP level 7. HP: 35/50 MP: 3/12
  4313 | D:3      | Reached skill level 5 in Conjurations
  4781 | D:3      | Found a snail-covered altar of Cheibriados.
  4977 | D:3      | Became a worshipper of Cheibriados the Contemplative
  5025 | D:4      | Noticed Duvessa
  5153 | D:4      | Reached XP level 8. HP: 50/57 MP: 7/13
  5502 | D:4      | Killed Duvessa
  5514 | D:4      | Noticed Dowan
  5521 | D:4      | Killed Dowan
  5768 | D:4      | Found a staircase to the Ecumenical Temple.
  5950 | D:4      | Reached * piety under Cheibriados
  5986 | D:4      | Learned a level 5 spell: Fireball
  6019 | D:5      | Entered Level 5 of the Dungeon
  6049 | D:5      | Found a shattered altar of Ashenzari.
  6146 | D:5      | Noticed Edmund
  6158 | D:5      | Killed Edmund
  6332 | D:5      | Found a bloodstained altar of Trog.
  6332 | D:5      | Noticed a two-headed ogre
  6342 | D:5      | Killed a two-headed ogre
  6342 | D:5      | Reached XP level 9. HP: 15/62 MP: 11/16
  6602 | D:5      | Reached skill level 5 in Spellcasting
  7604 | D:6      | Reached ** piety under Cheibriados
  8040 | D:6      | Found Gycrutan's Distillery.
  8072 | D:6      | Bought a potion of heal wounds for 75 gold pieces
  8072 | D:6      | Bought a potion of agility for 60 gold pieces
  8303 | D:6      | Reached XP level 10. HP: 56/69 MP: 14/19
  8671 | D:6      | Reached *** piety under Cheibriados
  8796 | D:7      | Found a sacrificial altar of Ru.
  8796 | D:7      | Found a basalt altar of Yredelemnul.
  9053 | D:7      | Got a translucent chain mail
  9054 | D:7      | Identified the +5 chain mail "Lebymok" {Str+3 Dex+3 SInv Stlth-} (You found it on level 7 of the Dungeon)
  9603 | D:7      | Found an ancient bone altar of Kikubaaqudgha.
  9655 | D:7      | Noticed a gargoyle
  9665 | D:7      | Killed a gargoyle
 10073 | D:7      | Reached **** piety under Cheibriados
 10554 | D:8      | Reached skill level 10 in Fire Magic
 10579 | D:8      | Found a radiant altar of Vehumet.
 10836 | D:8      | Found Tiqa's Gadget Shoppe.
 10924 | D:8      | Found a sand-covered staircase.
 10931 | Ossuary  | Entered an ossuary
 10936 | Ossuary  | Reached ***** piety under Cheibriados
 12065 | D:8      | Found a staircase to the Lair.
 12070 | D:8      | Gained mutation: Your mind is acute. (Int +2) [potion of beneficial mutation]
 12210 | D:8      | Reached skill level 1 in Fighting
 12210 | D:8      | Reached XP level 11. HP: 78/78 MP: 18/22
 12267 | D:8      | Bought a wand of iceblast (8/15) for 192 gold pieces
 12654 | D:9      | Reached ****** piety under Cheibriados
 12828 | D:9      | Reached skill level 5 in Fighting
 13014 | D:9      | Noticed Psyche
 13111 | D:9      | Noticed Grum
 13138 | D:9      | Killed Grum
 13483 | D:9      | Found a staircase to the Orcish Mines.
 13890 | D:9      | Killed Psyche
 14156 | D:10     | Entered Level 10 of the Dungeon
 14557 | D:10     | Reached skill level 1 in Invocations
 14621 | D:10     | Noticed a hill giant
 14624 | D:10     | Killed a hill giant
 14836 | D:10     | Reached skill level 5 in Invocations
 15162 | D:10     | Reached skill level 1 in Axes
 15440 | D:10     | Reached skill level 2 in Axes
 15564 | D:10     | Reached skill level 3 in Axes
 15748 | D:11     | Noticed a hill giant
 15755 | D:11     | Killed a hill giant
 15755 | D:11     | Reached skill level 4 in Axes
 15762 | D:11     | Noticed a manticore
 15767 | D:11     | Killed a manticore
 15767 | D:11     | Reached XP level 12. HP: 90/101 MP: 0/23
 16088 | D:11     | Reached skill level 5 in Axes
 16270 | D:11     | Noticed Erica
 16281 | D:11     | Killed Erica
 16281 | D:11     | Reached skill level 6 in Axes
 16576 | D:11     | Reached skill level 7 in Axes
 17768 | Lair:1   | Entered Level 1 of the Lair of Beasts
 17784 | D:8      | Reached skill level 8 in Axes
 17784 | D:8      | Reached skill level 10 in Invocations
 17945 | Lair:1   | Reached skill level 1 in Armour
 18059 | Lair:1   | Reached skill level 9 in Axes
 18442 | Lair:1   | Noticed a seven-headed hydra
 18449 | Lair:1   | Killed an eight-headed hydra
 18680 | Lair:1   | Reached skill level 10 in Axes
 18790 | Lair:1   | Reached skill level 5 in Armour
 19278 | Lair:1   | Reached XP level 13. HP: 101/107 MP: 19/24
 19826 | Lair:1   | Reached skill level 11 in Axes
 21540 | Lair:2   | Reached skill level 12 in Axes
 21541 | Lair:2   | Found a staircase to the Snake Pit.
 22120 | Lair:2   | Found a staircase to the Shoals.
 22398 | Lair:3   | Noticed Sonja
 22399 | Lair:3   | Killed Sonja
 22405 | Lair:3   | Reached skill level 13 in Axes
 22948 | Lair:3   | Reached skill level 14 in Axes
 23705 | Lair:4   | Reached skill level 10 in Fighting
 23828 | Lair:4   | Reached XP level 14. HP: 118/122 MP: 18/25
 25305 | Lair:5   | Found a viscous altar of Jiyva.
 25305 | Lair:5   | Found a staircase to the Slime Pits.
 26041 | Lair:6   | Entered Level 6 of the Lair of Beasts
 26051 | Lair:6   | Reached skill level 10 in Armour
 26326 | Lair:6   | Identified a scroll of acquirement
 26327 | Lair:6   | Got a translucent tin amulet
 26328 | Lair:6   | Identified the amulet "Deufa" {RegenMP +Fly} (You acquired it on level 6 of the Lair of Beasts)
 26501 | Lair:6   | Reached skill level 5 in Dodging
 26926 | Lair:6   | Reached XP level 15. HP: 132/132 MP: 7/26
 27599 | Lair:6   | Found a runed door.
 27638 | Lair:6   | Paralysed by a hornet for 3 turns
 27651 | Lair:6   | HP: 4/132 [spiny frog (16)]
 28669 | Lair:6   | Learned a level 4 spell: Iskenderun's Mystic Blast
 29908 | Orc:1    | Entered Level 1 of the Orcish Mines
 29945 | Orc:1    | Found a roughly hewn altar of Beogh.
 30002 | Orc:1    | Found a radiant altar of Vehumet.
 30098 | Orc:2    | Entered Level 2 of the Orcish Mines
 30250 | Orc:2    | Found a staircase to the Elven Halls.
 30377 | Orc:1    | Noticed Urug
 30383 | Orc:1    | Killed Urug
 30927 | Orc:2    | Noticed PurpleRed's ghost (journeyman MiBe)
 31596 | Orc:2    | Killed PurpleRed's ghost
 31705 | Orc:2    | Found Nuwaur's General Store.
 31705 | Orc:2    | Found Rixt's Book Shoppe.
 31707 | Orc:2    | Found Joguxkec's Magic Scroll Emporium.
 31709 | Orc:2    | Found Quujoen's General Store.
 31716 | Orc:2    | Bought a scroll of teleportation for 42 gold pieces
 31721 | Orc:2    | Bought a scroll of identify for 24 gold pieces
 31848 | Orc:2    | Found a burning altar of Makhleb.
 31967 | Orc:2    | Reached XP level 16. HP: 122/139 MP: 20/29
 32150 | Orc:2    | Bought a book of Dreams for 1050 gold pieces
 32151 | Orc:2    | Bought a potion of might for 68 gold pieces
 32151 | Orc:2    | Bought a +0 cloak of poison resistance for 144 gold pieces
 32151 | Orc:2    | Bought a scroll of identify for 34 gold pieces
 32151 | Orc:2    | Bought a scroll of blinking for 127 gold pieces
 32151 | Orc:2    | Bought a potion of curing for 51 gold pieces
 32158 | Orc:2    | Bought a scroll of enchant weapon for 105 gold pieces
 32163 | Orc:2    | Bought a potion of agility for 48 gold pieces
 32316 | D:6      | Bought a potion of curing for 45 gold pieces
 32316 | D:6      | Bought a potion of curing for 45 gold pieces
 32316 | D:6      | Bought a potion of might for 60 gold pieces
 32316 | D:6      | Bought a potion of might for 60 gold pieces
 32409 | D:9      | Learned a level 6 spell: Shadow Creatures
 32693 | D:12     | Noticed PurpleRed's ghost (journeyman MiFi)
 32717 | D:12     | Killed PurpleRed's ghost
 32723 | D:12     | Reached skill level 15 in Axes
 33074 | D:12     | Reached skill level 10 in Spellcasting
 33237 | D:12     | Reached skill level 1 in Summonings
 33856 | D:13     | Found a gate to the Vaults.
 33856 | D:13     | Noticed Nessos
 33862 | D:13     | Killed Nessos
 33965 | D:13     | Noticed PurpleRed's ghost (journeyman MiFi)
 33979 | D:13     | Killed PurpleRed's ghost
 34233 | D:13     | Noticed Killer1's ghost (journeyman MiBe)
 34237 | D:13     | Noticed Softman25's ghost (journeyman MfGl)
 34238 | D:13     | Killed Killer1's ghost
 34240 | D:13     | Gained mutation: Your flesh is cold resistant. (rC+) [potion of beneficial mutation]
 34247 | D:13     | Killed Softman25's ghost
 34670 | D:13     | Reached skill level 5 in Summonings
 35194 | D:14     | Found a shattered altar of Ashenzari.
 35424 | D:14     | Noticed Agnes
 35433 | D:14     | Killed Agnes
 36126 | D:15     | Entered Level 15 of the Dungeon
 37053 | D:15     | Reached XP level 17. HP: 141/146 MP: 24/31
 37198 | D:15     | Found a staircase to the Depths.
 37331 | D:15     | Found a snail-covered altar of Cheibriados.
 37403 | D:15     | Reached skill level 16 in Axes
 37538 | D:15     | Found Qaytopryi's Magic Scroll Emporium.
 37545 | D:15     | Bought a scroll of enchant weapon for 135 gold pieces
 37545 | D:15     | Bought a scroll of blinking for 135 gold pieces
 37545 | D:15     | Bought a scroll of teleportation for 54 gold pieces
 37545 | D:15     | Bought a scroll of teleportation for 54 gold pieces
 37545 | D:15     | Bought a scroll of magic mapping for 63 gold pieces
 38290 | Snake:1  | Entered Level 1 of the Snake Pit
 39277 | Snake:1  | Found Qyamnoemig's Jewellery Shoppe.
 39300 | Snake:1  | Reached skill level 10 in Summonings
 40535 | Snake:2  | Reached skill level 17 in Axes
 42017 | Snake:2  | You fall through a shaft!
 42176 | Snake:3  | Found a frozen archway.
 42182 | IceCv    | Entered an ice cave
 42401 | IceCv    | Reached XP level 18. HP: 123/154 MP: 11/32
 42705 | IceCv    | Got a flickering granite ring
 43257 | Snake:2  | Identified the ring of Gaxuown {+Fly Str+4} (You found it in an ice cave)
 43337 | Snake:2  | Found Xuir's Antique Weapon Shop.
 44162 | Snake:3  | Reached skill level 18 in Axes
 44689 | Snake:4  | Entered Level 4 of the Snake Pit
 45259 | Snake:4  | Reached skill level 19 in Axes
 45563 | Snake:4  | Noticed Kirke
 45568 | Snake:4  | Killed Kirke
 45585 | Snake:4  | HP: 4/154 [guardian serpent/bolt of poison (17)]
 46029 | Snake:4  | Reached skill level 20 in Axes
 46543 | Snake:4  | Reached XP level 19. HP: 88/160 MP: 2/33
 46571 | Snake:4  | Noticed Asterion
 46582 | Snake:4  | HP: 6/160 [Asterion/orb of electricity (37)]
 46582 | Snake:4  | Slain by Asterion

Vault maps used:
D:1:      saegor_arrival_simple_e, hangedman_glass_teeth
D:2:      uniq_jessica, uniq_crazy_yiuf_cottage, uniq_natasha
D:3:      overflow_temple_1_default, first_bread, kennysheep_generic_room_13,
          uniq_grinder
D:4:      uniq_duvessa
D:5:      ashenzari_conservatory_becter, trog_eyes_of_draining,
          kennysheep_boxes, uniq_edmund
D:6:      serial_shops, shop
D:7:      lemuel_zombie_altar_kikubaaqudgha,
          chequers_temple_overflow_statue_of_worship
D:8:      vehumet_statue, minmay_lair_entry_lava, enter_ossuary_2, serial_shops,
          nicolae_shop_crystal, kennysheep_doodads
D:9:      hiddenorc2_lemuel, uniq_grum, uniq_psyche
D:11:     uniq_erica
D:12:     grunt_tengu_nest, minmay_tree_intersection, serial_bayou_pond_c
D:13:     david_vaults_3, serial_column_ruins, column_ruins_hut_ruined,
          column_ruins_open_medium, column_ruins_grid_1,
          column_ruins_columns_dead_end, column_ruins_corridor_corner,
          st_stairs_9, serial_park_tiny_pond
D:14:     minmay_misc_feat_nine_boxes, ashenzari_altar_1, uniq_agnes
D:15:     grunt_enter_depths_magical_seal, cheibriados_altar_1, nrook_uturn,
          minmay_shop_grid_forest
Lair:1:   infiniplex_staircase_pool_2
Lair:2:   elwin_shoals_entry_rooms, guppyfry_snake_entry_garden, st_stairs_11,
          serial_bayou_pond_d, lemuel_fruit_tree
Lair:3:   grunt_forest_small_clearing_treed, grunt_megastairs_3, uniq_sonja
Lair:4:   grunt_megastairs_2, serial_bayou_shore_b
Lair:5:   slime_altar_1, grunt_forest_large_clearings
Lair:6:   hangedman_lair_in_review, wormcave
Snake:1:  serial_shops, shop_fountains
Snake:2:  serial_shops, shop, spider_trap
Snake:3:  portal_ice_cave_entry_horrid_things
Snake:4:  grunt_snake_rune_serpentine_throne, uniq_kirke, uniq_asterion
Orc:1:    basic_altar, kennysheep_orc_chapel, uniq_urug
Orc:2:    st_orc_rangers, bloody_makhleb
Ossuary:  ossuary_tomb_2
IceCv:    ice_cave_statue_garden_chambered

Skill      XL: |  1  2  3  4  5  6  7  8  9 10 11 12 13 14 15 16 17 18 |
---------------+-------------------------------------------------------+-----
Conjurations   | 2 3 4 5 6 8 9 |  9.6
Spellcasting   | 2 3 4 6 7 9 10 | 10.0
Fire Magic     | 4 5 6 7 9 10 | 10.6
Fighting       | 1 8 10 12 | 12.1
Invocations    | 8 10 12 | 12.0
Axes           | 4 10 14 15 17 20 | 20.0
Armour         | 5 6 11 12 13 | 13.1
Dodging        | 3 5 7 |  7.0
Summonings     | 8 12 13 | 13.2
Stealth        | |  1.5

Action                   |  1- 3 |  4- 6 |  7- 9 | 10-12 | 13-15 | 16-18 | 19-21 || total
-------------------------+-------+-------+-------+-------+-------+-------+-------++-------
Melee: Club              |    51 |     3 |       |       |       |       |       ||    54
       Unarmed           |     4 |       |       |       |       |       |       ||     4
       Short sword       |       |    11 |    67 |   128 |       |       |       ||   206
       Battleaxe         |       |       |       |    73 |   580 |   767 |    11 ||  1431
 Cast: Flame Tongue      |    58 |   116 |   195 |   642 |   272 |    64 |       ||  1347
       Sticky Flame      |       |       |    20 |    56 |   112 |    80 |       ||   268
       Conjure Flame     |       |       |     4 |     9 |       |       |       ||    13
       Fireball          |       |       |     5 |    40 |   105 |   277 |     2 ||   429
       Iskenderun's Myst |       |       |       |       |     7 |    40 |       ||    47
Invok: Slouch            |       |       |       |     1 |     3 |     9 |       ||    13
       Step From Time    |       |       |       |       |     1 |       |       ||     1
Evoke: Wand              |       |       |       |     6 |     4 |       |       ||    10
       Sack of spiders   |       |       |       |       |     1 |       |       ||     1
  Use: Scroll            |       |       |    22 |    10 |    14 |    11 |       ||    57
       Potion            |       |       |       |     2 |     6 |    11 |       ||    19
 Stab: Distracted        |       |       |       |       |       |     1 |       ||     1
  Eat: Chunk             |     5 |     8 |    13 |    23 |    28 |    22 |       ||    99
       Bread ration      |       |       |       |       |     1 |       |       ||     1
       Fruit             |       |       |       |       |     1 |       |       ||     1
       Meat ration       |       |       |       |       |       |     1 |       ||     1
       Royal jelly       |       |       |       |       |       |     1 |       ||     1
       Pizza             |       |       |       |       |       |     1 |       ||     1
       Beef jerky        |       |       |       |       |       |     2 |       ||     2
Armor: Robe              |    36 |    22 |    39 |   126 |       |       |       ||   223
       Ring mail         |       |       |       |    55 |       |       |       ||    55
       Chain mail        |       |       |       |    60 |   491 |   554 |     5 ||  1110
       Scale mail        |       |       |       |    36 |       |       |       ||    36
       Ice dragon scales |       |       |       |       |    54 |       |       ||    54
Dodge: Dodged            |    84 |    42 |   109 |   304 |   596 |   723 |     6 ||  1864
